Map: Jagannatha LE

Players

Klausius - Winner!

  • Race: Terran Terran
  • Spawn Location: 1:00

VOD

Have the link to the VOD?

Description

Time

  • Played on: Jan. 13, 2021, 8:01 p.m.
  • Length: 21:18
Show
View Real Time Build Order
Export as new Build Order

Klausius Terran - Winner!

Build Orders:  

Get SALT Encoding   

  12  0:37  Supply Depot  
  12  0:46  SCV  
  13  1:25  SCV  
  14  1:31  Barracks  
  14  1:42  SCV  
  15  1:59  SCV  
  16  2:16  SCV  
  17  2:39  Orbital Command  
  17  2:59  Barracks  
  17  3:15  Marine  
  18  3:40  Marine  
  19  4:05  Marine x2  
  21  4:29  Marine  
  21  4:30  Marine  
  23  4:45  Supply Depot  
  23  5:15  Marine x2  
  23  5:17  Supply Depot  
  25  5:40  Marine x2  
  27  5:50  Supply Depot  
  27  6:05  Marine x2  
  29  6:24  Supply Depot  
  29  6:30  Marine x2  
  31  6:42  Command Center  
  31  6:43  SCV  
  32  6:55  Marine x2  
  32  6:57  Supply Depot  
  34  7:20  Marine x2  
  36  7:30  Supply Depot  
  36  7:45  Marine x2  
  38  8:02  Supply Depot  
  38  8:10  Marine x2  
  40  8:26  SCV  
  41  8:35  Marine x2  
  41  8:36  Supply Depot  
  43  8:43  SCV  
  44  9:00  Marine x2, SCV  
  44  9:08  Supply Depot  
  47  9:17  SCV  
  48  9:24  Marine x2  
  50  9:30  Command Center  
  50  9:34  SCV  
  50  9:39  Supply Depot  
  51  9:59  SCV  
  52  10:14  Marine x2  
  52  10:16  SCV  
  50  10:33  SCV  
  50  10:39  Marine x2  
  47  10:50  SCV  
  47  11:04  Marine x2  
  47  11:07  SCV  
  50  11:29  Marine x2  
  52  11:53  Marine  
  52  11:54  Marine  
  54  12:01  SCV  
  55  12:14  SCV  
  55  12:18  SCV, Marine  
  55  12:19  Marine  
  59  12:31  SCV  
  59  12:35  SCV  
  61  12:43  Marine  
  61  12:44  Marine  
  61  12:45  Barracks  
  61  12:48  SCV  
  64  12:52  SCV  
  64  12:54  Command Center  
  65  13:05  SCV  
  65  13:08  Marine  
  65  13:09  Marine, SCV  
  69  13:17  Unknown  
  69  13:22  SCV  
  70  13:33  Marine  
  70  13:34  Marine  
  70  13:38  Barracks  
  72  13:45  Unknown  
  72  13:47  Barracks  
  72  13:53  Barracks  
  72  13:54  Barracks  
  72  13:55  Barracks  
  72  13:57  Barracks  
  72  13:58  Marine x2, Barracks  
  74  14:04  SCV  
  75  14:21  SCV  
  75  14:23  Marine x2  
  78  14:38  SCV  
  79  14:47  Barracks  
  79  14:48  Marine x2  
  81  14:55  SCV  
  81  14:56  Barracks  
  81  14:59  Barracks  
  82  15:04  Barracks  
  82  15:06  Barracks  
  82  15:11  SCV  
  82  15:13  Marine x2  
  85  15:36  Marine x4  
  85  15:37  Marine x3  
  85  15:38  Marine x3  
  95  15:56  SCV  
  96  16:01  Marine x4  
  96  16:02  Marine x3  
  96  16:03  Marine x3  
  106  16:13  SCV, Supply Depot  
  107  16:26  Marine x4  
  107  16:27  Marine x4  
  107  16:28  Marine x2  
  117  16:30  SCV  
  118  16:45  Supply Depot  
  118  16:47  SCV  
  115  16:51  Marine x4  
  115  16:52  Marine x4  
  115  16:53  Marine x2  
  120  17:04  SCV  
  116  17:14  Unknown  
  116  17:15  Marine  
  116  17:16  Marine x3  
  116  17:17  Marine x4  
  116  17:18  Marine x2  
  116  17:19  Supply Depot  
  123  17:44  Marine x2  
  123  17:45  Marine x2  
  123  17:46  Marine x6  
  133  17:51  Supply Depot  
  133  18:09  Marine x2  
  135  18:10  Marine x3  
  135  18:11  Marine x5  
  143  18:23  Supply Depot  
  143  18:34  Marine x3  
  143  18:35  Marine x4  
  143  18:36  Marine x3  
  153  18:56  Supply Depot  
  153  18:59  Marine x3  
  156  19:00  Marine x4  
  156  19:01  Marine x3  
  156  19:05  Unknown  
  163  19:24  Marine x3  
  163  19:25  Marine x6  
  163  19:26  Marine  
  163  19:29  Supply Depot  
  173  19:49  Marine x4  
  173  19:50  Marine x6  
  180  20:03  Supply Depot  
  180  20:08  Unknown  
  180  20:35  Supply Depot  
  178  21:07  Supply Depot  
Tags
 
Add a new tag
Caveats
  • Supply blocks, unpowered buildings, or Contaminate may cause inaccurate times.
  • Supply counts are checked every 10 seconds.